TOP OF THE 1ST |
---|
Nashville G-Strings batting - Pitching for Maui Tropics : RHP Ronald Cotton | Pitching: RHP Ronald Cotton | | Batting: RHB Jesús Cabrera | 0-0: DOUBLE (Flyball, 89XD) | Batting: LHB Miguel Rivería | 0-0: Called Strike 0-1: Ball 1-1: Ball Jesús Cabrera steals 3rd base 2-1: Ball 3-1: Called Strike 3-2: Strikes out swinging | Batting: RHB Sergio Márquez | 0-0: Ball 1-0: Fly out, F9 (Flyball, 89M) Runner from 3rd tags up, OUT at HOME | Top of the 1st over - 0 runs, 1 hit, 0 errors, 0 left on base; Nashville 0 - Maui 0 | BOTTOM OF THE 1ST |
---|
Maui Tropics batting - Pitching for Nashville G-Strings : RHP Germán Pérez | Pitching: RHP Germán Pérez | | Batting: RHB Roberto Gómez | 0-0: Foul Ball, location: 2F 0-1: Called Strike 0-2: Ball 1-2: Ball 2-2: Foul Ball, location: 2F 2-2: Foul Ball, location: 2F 2-2: Ball 3-2: Fly out, F7 (Flyball, 7) | Batting: LHB Dave Cook | 0-0: Ball 1-0: Foul Ball, location: 2F 1-1: Foul Ball, location: 2F 1-2: Foul Ball, location: 2F 1-2: Fly out, F8 (Flyball, 8LXD) | Batting: RHB Jesús Espinoza | 0-0: Called Strike 0-1: Foul Ball, location: 2F 0-2: Foul Ball, location: 2F 0-2: Ball 1-2: Strikes out swinging | Bottom of the 1st over - 0 runs, 0 hits, 0 errors, 0 left on base; Nashville 0 - Maui 0 | TOP OF THE 2ND |
---|
Nashville G-Strings batting - Pitching for Maui Tropics : RHP Ronald Cotton | Batting: RHB Eric Thompson | 0-0: Ball 1-0: Called Strike 1-1: Ball 2-1: Called Strike 2-2: Fly out, F9 (Flyball, 9S) | Batting: LHB George Smith | 0-0: Ball 1-0: Called Strike 1-1: Ball 2-1: Called Strike 2-2: Foul Ball, location: 2F 2-2: Ball 3-2: Foul Ball, location: 2F 3-2: Fly out, F9 (Flyball, 89M) | Batting: RHB Greg King | 0-0: Ball 1-0: Called Strike 1-1: Swinging Strike 1-2: Foul Ball, location: 2F 1-2: Ground out 6-3 (Groundball, 6) | Top of the 2nd over - 0 runs, 0 hits, 0 errors, 0 left on base; Nashville 0 - Maui 0 | BOTTOM OF THE 2ND |
---|
Maui Tropics batting - Pitching for Nashville G-Strings : RHP Germán Pérez | Batting: LHB Luis Antonio Torres | 0-0: Called Strike 0-1: Called Strike 0-2: Reached on error, E6 (Groundball, 6) | Batting: LHB José Rivas | 0-0: Ball 1-0: Foul Ball, location: 2F 1-1: Ball 2-1: Fly out, F3 (Popup, 3SF) | Pitching: RHP Noriyuki Matsui | | Batting: RHB Michael Woodruff | 0-0: Called Strike 0-1: Foul Ball, location: 2F 0-2: Foul Ball, location: 2F 0-2: Reached on error, E4 (Groundball, 4) Luis Antonio Torres to second | Batting: RHB Matt Silver | 0-0: SINGLE (Groundball, 6D) Luis Antonio Torres to third Michael Woodruff to second | Batting: LHB Mark Everett | 0-0: Ball 1-0: Called Strike 1-1: Swinging Strike 1-2: Foul Ball, location: 2F 1-2: Ball 2-2: Strikes out swinging | Batting: RHB John Brown | 0-0: Ball 1-0: Swinging Strike 1-1: Ball 2-1: Called Strike 2-2: Ball 3-2: Strikes out swinging | Bottom of the 2nd over - 0 runs, 1 hit, 2 errors, 3 left on base; Nashville 0 - Maui 0 | TOP OF THE 3RD |
---|
Nashville G-Strings batting - Pitching for Maui Tropics : RHP Ronald Cotton | Batting: RHB Wilfred Martin | 0-0: Ground out 5-3 (Groundball, 56) | Batting: RHB Juan Costello | 0-0: Called Strike 0-1: Fly out, F9 (Flyball, 89D) | Batting: LHB Jesús Núñez | 0-0: Ball 1-0: Fly out, F9 (Flyball, 9D) | Top of the 3rd over - 0 runs, 0 hits, 0 errors, 0 left on base; Nashville 0 - Maui 0 | BOTTOM OF THE 3RD |
---|
Maui Tropics batting - Pitching for Nashville G-Strings : RHP Noriyuki Matsui | Batting: RHB Roberto Gómez | 0-0: Ground out U3 (Groundball, 34S) | Batting: LHB Dave Cook | 0-0: Ball 1-0: Ball 2-0: Called Strike 2-1: Foul Ball, location: 2F 2-2: DOUBLE (Flyball, 78XD) | Batting: RHB Jesús Espinoza | 0-0: Fly out, F7 (Flyball, 7D) Runner from 2nd tags up, SAFE at 3rd, no throw | Batting: LHB Luis Antonio Torres | 0-0: Called Strike 0-1: Swinging Strike 0-2: Ball 1-2: 2-RUN HOME RUN (Flyball, 9D), Distance : 359 ft | Batting: LHB José Rivas | 0-0: Called Strike 0-1: Called Strike 0-2: Fly out, F9 (Flyball, 9S) | Bottom of the 3rd over - 2 runs, 2 hits, 0 errors, 0 left on base; Nashville 0 - Maui 2 | TOP OF THE 4TH |
---|
Nashville G-Strings batting - Pitching for Maui Tropics : RHP Ronald Cotton | Batting: RHB Jesús Cabrera | 0-0: Ground out 6-3 (Groundball, 6) | Batting: LHB Miguel Rivería | 0-0: Ball 1-0: SINGLE (Groundball, 4MD) | Batting: RHB Sergio Márquez | 0-0: Called Strike 0-1: Called Strike 0-2: Ball 1-2: Ball 2-2: Strikes out swinging | Batting: RHB Eric Thompson | 0-0: Ball 1-0: Foul Ball, location: 2F 1-1: Ball 2-1: Foul Ball, location: 2F 2-2: SINGLE (Groundball, 6MD) Miguel Rivería to second | Batting: LHB George Smith | 0-0: Ball 1-0: Ball 2-0: Swinging Strike 2-1: Foul Ball, location: 2F 2-2: Ground out 4-3 (Groundball, 4S) | Top of the 4th over - 0 runs, 2 hits, 0 errors, 2 left on base; Nashville 0 - Maui 2 | BOTTOM OF THE 4TH |
---|
Maui Tropics batting - Pitching for Nashville G-Strings : RHP Noriyuki Matsui | Batting: RHB Michael Woodruff | 0-0: Called Strike 0-1: Foul Ball, location: 2F 0-2: Strikes out swinging | Batting: RHB Matt Silver | 0-0: Ball 1-0: Called Strike 1-1: Called Strike 1-2: Ball 2-2: Ball 3-2: Fly out, F4 (Line Drive, 4) | Batting: LHB Mark Everett | 0-0: Ground out 6-3 (Groundball, 6) | Bottom of the 4th over - 0 runs, 0 hits, 0 errors, 0 left on base; Nashville 0 - Maui 2 | TOP OF THE 5TH |
---|
Nashville G-Strings batting - Pitching for Maui Tropics : RHP Ronald Cotton | Batting: RHB Greg King | 0-0: Ball 1-0: Swinging Strike 1-1: Swinging Strike 1-2: Ball 2-2: Ground out 5-3 (Groundball, 5S) | Batting: RHB Wilfred Martin | 0-0: Ball 1-0: Foul Ball, location: 2F 1-1: Called Strike 1-2: Ball 2-2: Ball 3-2: Foul Ball, location: 2F 3-2: Foul Ball, location: 2F 3-2: Foul Ball, location: 2F 3-2: Ground out U3 (Groundball, 34) | Batting: RHB Juan Costello | 0-0: Called Strike 0-1: Ball 1-1: Fly out, F8 (Flyball, 8RD) | Top of the 5th over - 0 runs, 0 hits, 0 errors, 0 left on base; Nashville 0 - Maui 2 | BOTTOM OF THE 5TH |
---|
Maui Tropics batting - Pitching for Nashville G-Strings : RHP Noriyuki Matsui | Batting: RHB John Brown | 0-0: Swinging Strike 0-1: Ball 1-1: Ball 2-1: Reached on error, E6 (Groundball, 56) | Batting: RHB Roberto Gómez | 0-0: Ball 1-0: Called Strike 1-1: Called Strike 1-2: Foul Ball, location: 2F 1-2: Foul Ball, location: 2F 1-2: Ball 2-2: SINGLE (Line Drive, 8LS) John Brown to second | Batting: LHB Dave Cook | 0-0: Ball 1-0: Ball 2-0: Ball 3-0: Called Strike 3-1: TRIPLE (Line Drive, 89XD) John Brown scores Roberto Gómez scores | Pitching: RHP Arturo Leal | | Batting: RHB Jesús Espinoza | 0-0: Foul Ball, location: 2F 0-1: Swinging Strike 0-2: Strikes out swinging | Batting: LHB Luis Antonio Torres | 0-0: Called Strike 0-1: Ball 1-1: Ball 2-1: Foul Ball, location: 2F 2-2: Ball 3-2: Base on Balls | Batting: LHB José Rivas | 0-0: Called Strike 0-1: Called Strike 0-2: Ball 1-2: Ball 2-2: Ball Wild Pitch! Dave Cook scores Luis Antonio Torres to second 3-2: Fly out, F7 (Flyball, 7D) | Batting: RHB Michael Woodruff | 0-0: Called Strike 0-1: Called Strike 0-2: Foul Ball, location: 2F 0-2: Strikes out swinging | Bottom of the 5th over - 3 runs, 2 hits, 1 error, 1 left on base; Nashville 0 - Maui 5 | TOP OF THE 6TH |
---|
Nashville G-Strings batting - Pitching for Maui Tropics : RHP Ronald Cotton | Batting: LHB Jesús Núñez | 0-0: Foul Ball, location: 2F 0-1: Fly out, F9 (Flyball, 9S) | Batting: RHB Jesús Cabrera | 0-0: Ground out 6-3 (Groundball, 6M) | Batting: LHB Miguel Rivería | 0-0: Called Strike 0-1: Ball 1-1: Swinging Strike 1-2: Ball 2-2: Fly out, F9 (Flyball, 89S) | Top of the 6th over - 0 runs, 0 hits, 0 errors, 0 left on base; Nashville 0 - Maui 5 | BOTTOM OF THE 6TH |
---|
Maui Tropics batting - Pitching for Nashville G-Strings : RHP Arturo Leal | Batting: RHB Matt Silver | 0-0: Ground out 6-3 (Groundball, 6S) | Batting: LHB Mark Everett | 0-0: Swinging Strike 0-1: Fly out, F8 (Flyball, 8LM) | Batting: RHB John Brown | 0-0: Ball 1-0: Ground out 6-3 (Groundball, 6) | Bottom of the 6th over - 0 runs, 0 hits, 0 errors, 0 left on base; Nashville 0 - Maui 5 | TOP OF THE 7TH |
---|
Nashville G-Strings batting - Pitching for Maui Tropics : RHP Ronald Cotton | Batting: RHB Sergio Márquez | 0-0: Ground out 5-3 (Groundball, 5D) | Batting: RHB Eric Thompson | 0-0: Ball 1-0: Ball 2-0: Ball 3-0: Base on Balls | Batting: LHB George Smith | 0-0: Ball 1-0: Ball 2-0: Called Strike 2-1: Ball 3-1: SINGLE (Flyball, 89M) Eric Thompson to second | Batting: RHB Greg King | 0-0: Ball Eric Thompson is caught stealing 3rd base George Smith to second 1-0: Ball 2-0: Foul Ball, location: 2F 2-1: Foul Ball, location: 2F 2-2: Foul Ball, location: 2F 2-2: Foul Ball, location: 2F 2-2: Foul Ball, location: 2F 2-2: Ball 3-2: Strikes out swinging | Top of the 7th over - 0 runs, 1 hit, 0 errors, 1 left on base; Nashville 0 - Maui 5 | BOTTOM OF THE 7TH |
---|
Maui Tropics batting - Pitching for Nashville G-Strings : RHP Arturo Leal | Batting: RHB Roberto Gómez | 0-0: Ball 1-0: Swinging Strike 1-1: Ground out 4-3 (Groundball, 4) | Batting: LHB Dave Cook | 0-0: Ball 1-0: Foul Ball, location: 2F 1-1: Called Strike 1-2: Ground out 4-3 (Groundball, 4) | Batting: RHB Jesús Espinoza | 0-0: Ball 1-0: Fly out, F7 (Flyball, 7D) | Bottom of the 7th over - 0 runs, 0 hits, 0 errors, 0 left on base; Nashville 0 - Maui 5 | TOP OF THE 8TH |
---|
Nashville G-Strings batting - Pitching for Maui Tropics : RHP Ronald Cotton | Batting: RHB Wilfred Martin | 0-0: Foul Ball, location: 2F 0-1: Fly out, F9 (Flyball, 9S) | Batting: RHB Juan Costello | 0-0: Ball 1-0: Called Strike 1-1: Foul Ball, location: 2F 1-2: Foul Ball, location: 2F 1-2: Foul Ball, location: 2F 1-2: Ball 2-2: Foul Ball, location: 2F 2-2: Fly out, F4 (Line Drive, 4MD) | Batting: LHB Jesús Núñez | 0-0: Ball 1-0: Swinging Strike 1-1: Foul Ball, location: 2F 1-2: Ball 2-2: SINGLE (Groundball, 34D) | Batting: RHB Jesús Cabrera | 0-0: Called Strike 0-1: Ball 1-1: Ball 2-1: Fielders Choice at 2nd, 5-4 (Groundball, 5L) | Top of the 8th over - 0 runs, 1 hit, 0 errors, 1 left on base; Nashville 0 - Maui 5 | BOTTOM OF THE 8TH |
---|
Maui Tropics batting - Pitching for Nashville G-Strings : RHP Arturo Leal | Batting: LHB Luis Antonio Torres | 0-0: Called Strike 0-1: Fly out, F7 (Line Drive, 78D) | Batting: LHB José Rivas | 0-0: Foul Ball, location: 2F 0-1: Called Strike 0-2: Foul Ball, location: 2F 0-2: Ball 1-2: Strikes out looking | Batting: RHB Michael Woodruff | 0-0: Ball 1-0: Called Strike 1-1: Called Strike 1-2: Strikes out swinging | Bottom of the 8th over - 0 runs, 0 hits, 0 errors, 0 left on base; Nashville 0 - Maui 5 | TOP OF THE 9TH |
---|
Nashville G-Strings batting - Pitching for Maui Tropics : RHP Ronald Cotton | Batting: LHB Miguel Rivería | 0-0: Called Strike 0-1: Ball 1-1: Swinging Strike 1-2: Strikes out swinging | Batting: RHB Sergio Márquez | 0-0: Ball 1-0: Foul Ball, location: 2F 1-1: Swinging Strike 1-2: SINGLE (Groundball, 34S) (infield hit) | Pitching: RHP Denny Green | | Batting: RHB Eric Thompson | 0-0: Fly out, F7 (Flyball, 78XD) | Batting: LHB George Smith | 0-0: Called Strike 0-1: Ball 1-1: Called Strike 1-2: Ball 2-2: Strikes out swinging | Top of the 9th over - 0 runs, 1 hit, 0 errors, 1 left on base; Nashville 0 - Maui 5 | |